 Dungeon Crawl Stone Soup version 0.18.1-48-g4cf74bf (webtiles) character file.

1752 MARSONE the Blocker (level 9, -2/54 HPs)
             Began as a Gargoyle Fighter on Sept 6, 2016.
             Killed by nerve-wracking pain
             ... invoked by an orc priest
              (8 damage)
             ... on level 5 of the Dungeon.
             The game lasted 00:27:29 (3590 turns).

MARSONE the Blocker (Gargoyle Fighter)              Turns: 3590, Time: 00:27:33

Health: -2/54      AC: 18    Str: 25    XL:     9   Next: 6%
Magic:  0/9        EV:  7    Int:  7    God:
Gold:   286        SH: 11    Dex:  9    Spells: 0 memorised, 8 levels left

rFire  . . .     SeeInvis .     a - +0 flail
rCold  + . .     Gourm    .     t - +0 chain mail
rNeg   + . .     Faith    .     c - +0 shield
rPois  ∞         Spirit   +     y - +0 helmet
rElec  +         Dismiss  .     (no cloak)
rCorr  .         Reflect  .     i - +0 pair of gloves
SustAt .         Harm     .     (no boots)
MR     .....                    r - amulet of guardian spirit
Stlth  ..........               (no ring)
                                (no ring)

@: not resistant to hostile enchantments, extremely unstealthy
A: cold resistance 1, dopey 1, negative energy resistance 1, electricity
resistance, strong 1, unbreathing, petrification resistance, rot immunity, AC +5
a: no special abilities


You were on level 5 of the Dungeon.
You were not hungry.

You visited 1 branch of the dungeon, and saw 5 of its levels.

You collected 286 gold pieces.

Inventory:

Hand Weapons
 a - a +0 flail (weapon)
Missiles
 w - a throwing net (quivered)
Armour
 c - a +0 shield (worn)
 i - a +0 pair of gloves (worn)
 t - a +0 chain mail (worn)
 y - a +0 helmet (worn)
Jewellery
 j - an uncursed amulet of the gourmand
 r - an amulet of guardian spirit (around neck)
Wands
 v - a wand of lightning (8/15)
Scrolls
 g - 8 scrolls of remove curse {unknown}
 h - 3 scrolls of identify {unknown}
 k - 2 scrolls of fog {unknown}
 l - a scroll of fear {unknown}
 m - 2 scrolls of teleportation {unknown}
 n - 2 scrolls of noise {unknown}
 p - 2 scrolls of recharging {unknown}
 q - 2 scrolls of magic mapping {unknown}
 u - a scroll of enchant weapon {unknown}
Potions
 b - a potion of flight {unknown}
 e - a potion of curing
 s - a potion of heal wounds {unknown}
 x - a potion of lignification {unknown}
 z - a potion of degeneration {unknown}
 A - a potion of brilliance {unknown}
 B - a potion of cancellation {unknown}
Comestibles
 d - 3 slices of pizza
 f - 4 bread rations
 o - 16 chunks of flesh
 C - a meat ration


   Skills:
 + Level 5.4 Fighting
 + Level 5.8 Maces & Flails
 + Level 0.1 Throwing
 + Level 6.7 Armour
 - Level 0.1 Dodging
 + Level 8.6 Shields


You had 8 spell levels left.
You didn't know any spells.

Dungeon Overview and Level Annotations

Branches:
Dungeon (5/15)
 Temple: D:4-7

Altars:
Ashenzari
Qazlal
Vehumet
Xom

Annotations:
D:5 Menkaure


Innate Abilities, Weirdness & Mutations

You are resistant to torment.
Your stone body is resilient (AC +5).
You are immune to poison.
You resist negative energy.
You are resistant to electric shocks.
You can survive without breathing.
You are immune to petrification.
You are immune to rotting.
Your flesh is cold resistant.
You are dopey. (Int -2)
Your muscles are strong. (Str +2)


Message History

The adder appears out of thin air!
An adder comes into view.
You block Menkaure's attack.
The orc priest calls upon Beogh to heal the orc.
The orc's wounds heal themselves!
An adder comes into view.
You closely miss the orc priest.
The orc priest is moderately wounded.
Menkaure hits you! Menkaure hits you but does no damage.
You hit Menkaure but do no damage.
Menkaure is moderately damaged.
You block the orc priest's attack. Menkaure hits you!
You block the orc's attack.
You hit Menkaure but do no damage.
Menkaure is moderately damaged.
Menkaure hits you!
* * * LOW HITPOINT WARNING * * *
The orc priest mumbles some strange prayers to Beogh against you.
Pain shoots through your body!
You die...

#........ ##.. #......[.
#... #........ #...
#######(>...... #...
.......)##..... #...
.......(# ... ##...
.......S# . #....
......oM## #.###
......o@.# ...... #.# #
.......(.# #....# #.# #
##.......####....###.# #
##.......##.......##.###
.'.......##.......##...#
##.......##.......'..#.#
#.........#.......##.#.#
#.........#.......'..#.#
#.........#.......#..#.#


You could see Menkaure, an orc priest, an adder and an orc.

Vanquished Creatures
  Grinder (D:5)
  A hippogriff (D:4)
  A water moccasin (D:5)
  2 centaurs (D:3)
  2 ogres
  A giant frog (D:5)
  A scorpion (D:4)
  The ghost of MARSONE the Shield-Bearer, a weakling GrFi (D:3)
  A vampire bat (D:3)
  A crimson imp (D:5)
  A howler monkey (D:4)
  A hound (D:4)
  3 orc priests (D:4)
  A gnoll shaman (D:5)
  A centaur skeleton (D:4)
  4 orc wizards
  2 iguanas (D:5)
  2 worker ants (D:4)
  5 gnolls
  7 adders
  3 oozes
  An adder skeleton (D:4)
  3 worms
  2 dart slugs
  3 fire bats (D:3)
  6 giant geckos
  20 orcs
  2 spectral bats (D:3)
  A bat simulacrum (D:3)
  3 bat skeletons (D:3)
  A bat zombie (D:3)
  3 giant cockroaches
  11 hobgoblins
  8 jackals
  6 kobolds
  4 quokkas
  12 bats
  2 giant gecko skeletons (D:4)
  3 giant newts
  8 goblins
  11 rats
152 creatures vanquished.

Notes
Turn   | Place    | Note
--------------------------------------------------------------
     0 | D:1      | MARSONE the Gargoyle Fighter began the quest for the Orb.
     0 | D:1      | Reached XP level 1. HP: 14/14 MP: 1/1
   168 | D:1      | Reached XP level 2. HP: 18/19 MP: 2/2
   271 | D:1      | Reached XP level 3. HP: 18/23 MP: 3/3
   933 | D:2      | Reached skill level 4 in Shields
  1069 | D:2      | Reached XP level 4. HP: 12/29 MP: 1/4
  1082 | D:2      | Found a shattered altar of Ashenzari.
  1597 | D:3      | Noticed a centaur
  1602 | D:3      | Noticed MARSONE's ghost (weakling GrFi)
  1607 | D:3      | Killed a centaur
  1607 | D:3      | Reached XP level 5. HP: 14/33 MP: 3/5
  1616 | D:3      | Killed MARSONE's ghost
  1625 | D:3      | Reached XP level 6. HP: 15/38 MP: 1/6
  1632 | D:3      | Reached skill level 5 in Shields
  2140 | D:3      | Reached XP level 7. HP: 37/43 MP: 7/7
  2223 | D:3      | Reached skill level 6 in Shields
  2374 | D:4      | Gained mutation: You are dopey. (Int -2) [potion of mutation]
  2374 | D:4      | Gained mutation: Your flesh is cold resistant. [potion of mutation]
  2374 | D:4      | Gained mutation: Your muscles are strong. (Str +2) [potion of mutation]
  2375 | D:4      | Reached skill level 5 in Armour
  2449 | D:4      | Noticed a hippogriff
  2465 | D:4      | Killed a hippogriff
  2466 | D:4      | Reached skill level 7 in Shields
  2656 | D:4      | Reached XP level 8. HP: 44/48 MP: 8/8
  2745 | D:4      | Reached skill level 5 in Fighting
  2922 | D:4      | Found a shimmering altar of Xom.
  3105 | D:4      | Found a stormy altar of Qazlal.
  3105 | D:4      | Found a radiant altar of Vehumet.
  3180 | D:5      | Entered Level 5 of the Dungeon
  3183 | D:5      | Noticed Grinder
  3188 | D:5      | Paralysed by Grinder for 7 turns
  3219 | D:5      | Paralysed by Grinder for 7 turns
  3235 | D:5      | Killed Grinder
  3235 | D:5      | Reached skill level 5 in Maces & Flails
  3310 | D:5      | Reached skill level 8 in Shields
  3511 | D:5      | Reached XP level 9. HP: 38/54 MP: 6/9
  3574 | D:5      | Noticed Menkaure
  3590 | D:5      | Killed from afar by an orc priest

Skill      XL: |  1  2  3  4  5  6  7  8 |
---------------+-------------------------+-----
Shields        | 4 5 7 8 |  8.6
Armour         | 4 5 6 |  6.7
Maces & Flails | 3 4 5 |  5.8
Fighting       | 4 5 |  5.4
Throwing       | |  0.1
Dodging        | |  0.1

Action                   |  1- 3 |  4- 6 |  7- 9 || total
-------------------------+-------+-------+-------++-------
Melee: Flail             |   131 |   268 |   376 ||   775
Throw: Throwing net      |       |       |     1 ||     1
  Use: Potion            |     1 |     2 |     4 ||     7
  Eat: Chunk             |    17 |       |     1 ||    18
Armor: Scale mail        |    53 |     1 |       ||    54
       Chain mail        |       |   189 |   270 ||   459
Dodge: Dodged            |    36 |    89 |   111 ||   236
Block: Shield            |    66 |   183 |   261 ||   510
